 Dungeon Crawl Stone Soup version 0.26.1-10-gdfb7c7de75 (webtiles) character file.

Game seed: 9388822406051309138

2416 Phaedo the Covert (level 9, -2/56 HPs)
             Began as an Octopode Delver on Apr 4, 2021.
             Was a Priest of Nemelex Xobeh.
             Slain by an orc warrior
             ... wielding a +3 hand axe
              (18 damage)
             ... on level 7 of the Dungeon.
             The game lasted 00:24:33 (11244 turns).

Phaedo the Covert (Octopode Delver)                Turns: 11244, Time: 00:24:33

Health: -2/56      AC:  1    Str: 11    XL:     9   Next: 47%
Magic:  13/13      EV: 15    Int: 16    God:    Nemelex Xobeh [***...]
Gold:   390        SH:  0    Dex: 13    Spells: 12/13 levels left

rFire    . . .     SeeInvis .   q - +4 short sword
rCold    . . .     Faith    .   (no shield)
rNeg     . . .     Spirit   .   (helmet restricted)
rPois    .         Reflect  .   (no amulet)
rElec    .         Harm     .   (no ring)
rCorr    .         Rampage  .   (no ring)
Will     .....                  (no ring)
Stlth    ++++++....             (no ring)
HPRegen  0.18/turn              (no ring)
MPRegen  0.13/turn              (no ring)
                                (no ring)
                                (no ring)

@: no status effects
A: almost no armour, stealthy swim, amphibious, 8 rings, constrict 8, camouflage
1, gelatinous body 1
a: Renounce Religion, Draw Escape, Draw Destruction, Draw Summoning, Triple Draw


You were on level 7 of the Dungeon.
You worshipped Nemelex Xobeh.
Nemelex Xobeh was most pleased with you.
You visited 1 branch of the dungeon, and saw 7 of its levels.

You collected 390 gold pieces.

Inventory:

Hand Weapons
 a - a +0 spear
 q - a +4 short sword (weapon)
Missiles
 k - 50 bolts
 l - 53 sling bullets
 r - 232 stones
 A - 2 poisoned darts (quivered)
 B - 3 datura-tipped darts
Wands
 f - a wand of digging (3)
Scrolls
 b - a scroll of fog
 c - 2 scrolls of magic mapping
 d - a scroll of fear
 g - 3 scrolls of identify
 i - a scroll of random uselessness {unknown}
 j - a scroll of amnesia {unknown}
 n - 4 scrolls of noise {unknown}
 o - 2 scrolls of enchant armour
 v - 5 scrolls of enchant weapon {unknown}
 x - 3 scrolls of immolation {unknown}
 y - 3 scrolls of teleportation {unknown}
 z - 3 scrolls of remove curse
Potions
 e - 3 potions of might
 h - 2 potions of degeneration {unknown}
 m - 4 potions of curing
 p - a potion of ambrosia {unknown}
 s - 2 potions of cancellation
 t - 2 potions of berserk rage
 u - a potion of attraction
 w - a potion of resistance {unknown}
 C - a potion of invisibility {unknown}


   Skills:
 - Level 3.0 Fighting
 - Level 5.0 Short Blades
 - Level 2.4 Polearms
 - Level 1.8 Throwing
 + Level 4.4 Dodging
 + Level 10.9 Stealth
 + Level 2.9 Spellcasting
 + Level 4.9 Poison Magic
 * Level 6.2 Invocations


You had 12 spell levels left.
You knew the following spells:

 Your Spells              Type           Power        Failure   Level
a - Sting                 Tmut/Pois      40%          7%          1

Your spell library contained the following spells:

 Spells                   Type           Power        Failure   Level
 Beastly Appendage        Tmut           4%           19%         1
 Spider Form              Tmut/Pois      5%           21%         3
 Wereblood                Tmut           2%           28%         2
 Ice Form                 Ice/Tmut       2%           88%         4
 Blade Hands              Tmut           1%           99%         5


Dungeon Overview and Level Annotations

Branches:
Dungeon (7/15)             Temple (0/1) D:6

Altars:
Elyvilon
Fedhas
Nemelex Xobeh
Sif Muna
The Shining One


Innate Abilities, Weirdness & Mutations

You cannot wear most types of armour.
You are very stealthy in the water. (Stealth+)
You are amphibious.
You can wear up to eight rings at the same time.
You can use your tentacles to constrict eight enemies at once.
Your skin changes colour to match your surroundings (Stealth+).
Your rubbery body absorbs attacks. (AC +1, EV +1)


Message History

The orc warrior hits you with a +3 hand axe!
You hit the orc warrior.
The orc warrior is lightly wounded.
You constrict the orc warrior.
The orc warrior hits you with a +3 hand axe!
You hit the orc warrior.
The orc warrior is moderately wounded.
You constrict the orc warrior, but do no damage.
You barely miss the orc warrior.
You squeeze the orc warrior, but do no damage.
The orc warrior is moderately wounded.
You constrict the orc warrior, but do no damage.
The orc warrior hits you with a +3 hand axe!!
* * * LOW HITPOINT WARNING * * *
You hit the orc warrior.
The orc warrior is heavily wounded.
You constrict the orc warrior.
The orc warrior hits you with a +3 hand axe!!
You die...
Your body glows slightly and disappears.

.## #.# ###.#
..# #.# #.#
#.# #.# #.#
#.# #.########
#.# #.#
#......... ##+
#.# #.#
#.#######. #$.
#.#
#.###.######
#o# #.#
#..........#
#o# #.#
#..##.####.#
#@# #.#
...##.# #.#
#.# ......#
#.##########.#
......#
#............#
......#.#
##############
........#
...######
.>.#######
..........


You could see an orc warrior and an orc.

Vanquished Creatures
  Prince Ribbit (D:6)
  A water moccasin (D:6)
  A sky beast (D:5)
  An ice beast (D:6)
  An ogre (D:6)
  2 phantoms
  2 centaurs
  A big kobold (D:6)
  Blork the orc (D:6)
  A bullfrog (D:6)
  A scorpion (D:6)
  A crimson imp (D:4)
  A bullfrog zombie (D:7)
  A quasit (D:6)
  A hound (D:5)
  A jelly (D:5)
  A centaur skeleton (D:7)
  3 orc priests (D:4)
  Crazy Yiuf (D:3)
  3 orc wizards
  2 bullfrog skeletons
  Terence (D:2)
  Natasha (D:4)
  5 worker ants
  A hound zombie (D:6)
  2 worker ant zombies
  9 adders
  4 gnolls
  3 howler monkey skeletons (D:5)
  2 shadow imps (D:6)
  A white imp (D:5)
  An ufetubus (D:6)
  An ooze (D:3)
  An adder skeleton (D:4)
  6 worms
  3 dart slugs
  3 leopard geckos
  21 orcs
  5 giant cockroaches
  7 goblins
  6 hobgoblins
  4 jackals (D:1)
  3 quokkas
  A ball python (D:1)
  6 bats
  6 frilled lizards
  A goblin zombie (D:4)
  A hobgoblin zombie (D:4)
  11 kobolds
  A kobold skeleton (D:4)
  A kobold zombie (D:4)
  An orc skeleton (D:4)
  6 rats
153 creatures vanquished.

Vanquished Creatures (collateral kills)
  Maggie (D:6)
  A sky beast (D:6)
  2 ogres
  Natasha (twice) (D:4)
  3 orcs
  A hobgoblin zombie (D:4)
  A kobold skeleton (D:4)
11 creatures vanquished.

Grand Total: 164 creatures vanquished

Notes
Turn   | Place    | Note
-------+----------+-------------------------------------------
     0 | D:5      | Phaedo the Octopode Delver began the quest for the Orb.
     0 | D:5      | Reached XP level 1. HP: 16/16 MP: 1/1
    18 | D:5      | Found a sparkling altar of Nemelex Xobeh.
    22 | D:5      | Became a worshipper of Nemelex Xobeh the Trickster
    28 | D:5      | Noticed a hound
    41 | D:4      | Noticed a worker ant
    64 | D:4      | Noticed an orc priest
   263 | D:4      | Reached skill level 7 in Stealth
   263 | D:4      | Reached XP level 2. HP: 18/21 MP: 2/2
   314 | D:3      | Reached skill level 1 in Invocations
   753 | D:3      | Reached XP level 3. HP: 26/26 MP: 4/4
  1122 | D:3      | Found a blossoming altar of Fedhas.
  1367 | D:3      | Found a shimmering blue altar of Sif Muna.
  1418 | D:2      | Noticed Terence
  1582 | D:1      | Reached XP level 4. HP: 31/31 MP: 5/5
  1844 | D:1      | Reached * piety under Nemelex Xobeh
  2123 | D:1      | Received a gift from Nemelex Xobeh
  2165 | D:1      | Reached skill level 8 in Stealth
  2709 | D:2      | Killed Terence
  2710 | D:2      | Reached XP level 5. HP: 36/36 MP: 6/6
  3466 | D:3      | Reached skill level 1 in Short Blades
  3976 | D:3      | Identified Sif Muna's Disquisition on Poison
  3980 | D:3      | Learned a level 1 spell: Sting
  4085 | D:3      | Found a runed translucent door.
  4086 | D:3      | Noticed Crazy Yiuf
  4093 | D:3      | Killed Crazy Yiuf
  4094 | D:3      | Reached XP level 6. HP: 42/42 MP: 8/8
  4306 | D:4      | Reached skill level 9 in Stealth
  4509 | D:4      | Noticed Natasha
  4541 | D:4      | Found a glowing golden altar of the Shining One.
  4548 | D:4      | Killed Natasha
  4551 | D:4      | Reached skill level 1 in Spellcasting
  4551 | D:4      | Reached skill level 1 in Poison Magic
  4605 | D:4      | Noticed Natasha
  4608 | D:4      | Killed Natasha
  4639 | D:4      | Noticed Natasha
  4645 | D:4      | Killed Natasha
  4696 | D:4      | Reached XP level 7. HP: 32/46 MP: 9/9
  5124 | D:4      | Received a gift from Nemelex Xobeh
  5281 | D:4      | Found a blossoming altar of Fedhas.
  5516 | D:5      | Reached ** piety under Nemelex Xobeh
  6426 | D:5      | Reached XP level 8. HP: 37/52 MP: 11/11
  6884 | D:5      | Reached skill level 1 in Throwing
  7232 | D:6      | Noticed Prince Ribbit
  7616 | D:5      | Found a sparkling altar of Nemelex Xobeh.
  7955 | D:6      | Reached skill level 10 in Stealth
  7957 | D:6      | Noticed Blork the orc
  7959 | D:6      | Noticed Maggie
  7965 | D:6      | Killed Blork the orc
  8049 | D:6      | Killed Maggie
  8050 | D:6      | Reached skill level 5 in Short Blades
  8216 | D:6      | Found a staircase to the Ecumenical Temple.
  8324 | D:6      | Found a white marble altar of Elyvilon.
  8398 | D:6      | Reached skill level 5 in Invocations
  8398 | D:6      | Reached XP level 9. HP: 13/56 MP: 12/12
  8828 | D:6      | Killed Prince Ribbit
 10256 | D:7      | Reached *** piety under Nemelex Xobeh
 11244 | D:7      | Slain by an orc warrior

Illustrated notes

Levels and vault maps discovered:
D:1:      dpeg_arrival_tiny_g, layout_rooms, minmay_tromino_i4
D:2:      layout_basic, uniq_terence
D:3:      layout_basic, led_sif_book, fedhas_altar_1, uniq_crazy_yiuf_cottage
D:4:      layout_loops_ring, lemuel_coloured_pillars_altar,
          nicolae_tso_besieged_by_evil, uniq_natasha
D:5:      layout_cave_pools, nemelex_diamond_rough_becter
D:6:      layout_basic, minmay_temple_entry_junction, elyvilon_altar_3,
          uniq_blork_the_orc, uniq_prince_ribbit1, uniq_maggie
D:7:      layout_loops_ring, gammafunk_temple_overflow_pools,
          minmay_strange_pillars

Skill      XL: |  1  2  3  4  5  6  7  8  9 |
---------------+----------------------------+-----
Stealth        | 7 8 9 10 | 10.9
Invocations    | 1 2 3 5 6 |  6.2
Short Blades   | 1 2 3 5 |  5.0
Spellcasting   | 1 2 |  2.9
Poison Magic   | 1 2 4 |  4.9
Dodging        | 3 4 |  4.4
Throwing       | 1 |  1.8
Fighting       | |  3.0
Polearms       | |  2.4

Action                   |  1- 3 |  4- 6 |  7- 9 || total
-------------------------+-------+-------+-------++-------
Melee: Spear             |    90 |     7 |       ||    97
       Constrict         |    17 |    23 |    39 ||    79
       Tentacles         |    11 |    13 |    40 ||    64
       Short sword       |       |   111 |   209 ||   320
Throw: Stone             |       |     1 |    43 ||    44
       Dart              |       |       |     6 ||     6
Invok: Draw Destruction  |       |     7 |     5 ||    12
       Draw Summoning    |       |     1 |     3 ||     4
       Draw Escape       |       |       |     4 ||     4
Evoke: Wand              |       |       |     1 ||     1
  Use: Potion            |     1 |     1 |     1 ||     3
       Scroll            |       |     6 |     1 ||     7
 Stab: Sleeping          |    13 |    14 |     9 ||    36
Armor: Skin              |       |     9 |     3 ||    12
Dodge: Dodged            |    27 |    91 |   109 ||   227
